 Dungeon Crawl Stone Soup version 0.28.0-43-g3370ac3207 (webtiles) character file.

Game seed: 6529382864930689023

248 Faeu the Covered (level 5, 0/48 HPs)
             Began as a Minotaur Fighter on Mar 25, 2022.
             Killed by divine providence
             ... invoked by an orc priest
              (9 damage)
             ... on level 5 of the Dungeon.
             The game lasted 00:09:47 (2637 turns).

Faeu the Covered (Minotaur Fighter)                 Turns: 2637, Time: 00:09:47

Health: 0/48       AC:  8    Str: 23    XL:     5   Next: 86%
Magic:  4/4        EV:  6    Int:  5    God:
Gold:   195        SH: 12    Dex:  9    Spells: 4/4 levels left

rFire   x . .      SeeInvis .   a - +0 long sword {long}
rCold   + + .      Faith    +   k - +0 tower shield
rNeg    . . .      Spirit   .   b - +0 scale mail
rPois   .          Reflect  .   (helmet restricted)
rElec   .          Harm     .   c - +0 cloak
rCorr   .          Rampage  .   (no gloves)
Will    .....                   (no boots)
Stlth   ..........              q - amulet of faith {!P}
HPRegen 0.16/turn               n - ring of protection from cold
MPRegen 0.09/turn               s - ring of ice

@: no status effects
A: horns 2, retaliatory headbutt
a: no special abilities


You were on level 5 of the Dungeon.
You visited 1 branch of the dungeon, and saw 5 of its levels.

You collected 195 gold pieces.


Innate Abilities, Weirdness & Mutations

You have a pair of horns on your head.
You reflexively headbutt those who attack you in melee.


   Skills:
 + Level 5.0 Fighting
 + Level 4.2 Long Blades
 + Level 5.1 Armour
 + Level 5.0 Shields


You had 4 spell levels left.
You didn't know any spells.
Your spell library contained the following spells:

 Spells                   Type           Power      Damage    Failure   Level
 Animate Skeleton         Necr           0%         N/A       100%        1
 Apportation              Tloc           0%         N/A       100%        1
 Summon Small Mammal      Summ           0%         N/A       100%        1
 Sublimation of Blood     Necr           0%         N/A       100%        2
 Petrify                  Tmut/Erth      0%         N/A       100%        4
 Irradiate                Conj/Tmut      0%         3d13      100%        5

Inventory:

Hand Weapons
 a - a +0 long sword (weapon) {long}
Armour
 b - a +0 scale mail (worn)
 c - a +0 cloak (worn)
   (You found it on level 3 of the Dungeon)
 k - a +0 tower shield (worn)
   (You found it on level 2 of the Dungeon)
Jewellery
 n - a ring of protection from cold (left hand)
   (You found it on level 3 of the Dungeon)
 q - an amulet of faith (around neck) {!P}
   (You found it on level 4 of the Dungeon)
 s - a ring of ice (right hand)
   (You found it on level 4 of the Dungeon)
Scrolls
 e - a scroll of fear
 i - 8 scrolls of identify {@r1}
 j - 2 scrolls of noise {unknown}
 r - a scroll of teleportation {unknown}
Potions
 d - a potion of might
 f - a potion of degeneration {unknown}
 g - a potion of magic {unknown}
 h - 2 potions of brilliance {unknown}
 l - 2 potions of curing {unknown}
 m - a potion of heal wounds {unknown}
 o - a potion of resistance {unknown}
 p - 3 potions of lignification {unknown}

Dungeon Overview and Level Annotations

Branches:
Dungeon (5/15)
 Temple: D:4-7

Altars:

.#... .. ....
>.. .... #.#..
..#+#
#.#.#####o.#.#..
#.#.#.........
#.#.##..o..#
#...##.#@..#
#........#.#
+..o##.#)# #
##...##.#.#
#.......#.#
#o#######.# #.#
#.# #.# #.# #.#
#.#


You could see an orc priest and 2 orcs.


Message History

😕 HP[+1]
You hit the adder. The adder bites you but does no damage.
You block the adder's attack.
You barely miss the adder. You block the adder's attack. x2
Unknown command.
You closely miss the adder. The adder bites you but does no damage.
The adder barely misses you.
You slash the adder!
You kill the adder! 😕 HP[+1]
You hit the dart slug. The dart slug launches a dart at you.
The slug dart hits you. 😮 HP[-4]
You take 4 damage, and now have 34/48 hp.
You slash the dart slug! The dart slug barely misses you.
You slash the dart slug!
You kill the dart slug!
Things that are here:
a +0 flail {mace}; a +0 scale mail; an orc corpse 😮 HP[+1]
You see here a +0 ring mail. 😕 HP[+3]
You regained 3 hp, and now have 38/48 hp.
Things that are here:
a +0 flail {mace}; a +0 scale mail; an orc corpse
i - 8 scrolls of identify {@r1} (gained 1) 😕 HP[+5]
You regained 5 hp, and now have 43/48 hp.
You now have 184 gold pieces (gained 10). 😕 HP[+1] 😕 HP[+1]
A kobold comes into view. It is wielding a +0 club.
The kobold shouts! 😎 HP[+3]
The kobold throws a stone.
You block the stone.
You closely miss the kobold. You headbutt the kobold.
You kill the kobold!
Things that are here:
a +0 club {mace}; 5 stones {throwing} You now have 195 gold pieces (gained 11).
j - 2 scrolls labelled INWIUR BAFIPU (gained 1)
There is an open door here.
There is a stone staircase leading up here.
Done exploring.
Done exploring.
(D) Dungeon
Where to? (Enter - D:4 @ (x,y), ? - help)
There is a stone staircase leading down here.
You climb downwards.
The orc warrior shouts!
The orc shouts! x3
There is a stone staircase leading up here.
There are monsters nearby!
A water moccasin skeleton comes into view.
You barely miss the orc. You headbutt the orc!
You kill the orc!
You hit the orc.
An orc priest comes into view. It is wielding a +0 dagger.
The orc hits you but does no damage. x2
You closely miss the orc. You block the orc's attack.
You hit the orc but do no damage. You block the orc's attack.
The orc priest mumbles some strange prayers to Beogh against you.
Beogh smites you!
The orc priest calls upon Beogh to heal the orc.
The orc's wounds heal themselves! 😮 HP[-12]
You take 12 damage, and now have 36/48 hp.
MASSIVE DAMAGE!! (PAUSE)
You barely miss the orc warrior. You block the orc warrior's attack.
You slash the orc warrior!
The orc warrior hits you with a +1 vorpal battleaxe!
* * * LOW HITPOINT WARNING * * *
The orc warrior hits you with a +1 vorpal battleaxe!
* * * LOW HITPOINT WARNING * * *
x2 😱 HP[-28]
You take 28 damage, and now have 8/48 hp.
MASSIVE DAMAGE!! (PAUSE)
You barely miss the orc warrior.
The orc warrior hits you with a +1 vorpal battleaxe.
* * * LOW HITPOINT WARNING * * *
x2 You hit the orc warrior but do no damage.
Your headbutt misses the orc warrior.
You block the orc warrior's attack. x2 😱 HP[-4]
You take 4 damage, and now have 4/48 hp.
As you read the scroll of fear, it crumbles to dust.
You assume a fearsome visage.
The orc warrior looks frightened!
The orc looks frightened! x2 😱 HP[+1]
You see here 16 gold pieces.
The orc priest looks braver for a moment. 😱 HP[+1] 😱 HP[+1]
The orc priest miscasts a cantrip. 😱 HP[+1]
The orc shouts!
There is a stone staircase leading up here. 😱 HP[+1]
The orc priest mumbles some strange prayers to Beogh against you.
Beogh smites you!
You die...

Skill      XL: |  1  2  3  4  5 |
---------------+----------------+-----
Fighting       | 4 5 |  5.0
Armour         | 4 5 |  5.1
Shields        | 4 5 |  5.0
Long Blades    | 3 4 |  4.2

Action                   |  1- 3 |  4- 6 || total
-------------------------+-------+-------++-------
Melee: Long sword        |    82 |    75 ||   157
       Headbutt          |     6 |    15 ||    21
  Use: Scroll            |     1 |     1 ||     2
Armor: Scale mail        |    25 |    30 ||    55
Dodge: Dodged            |    32 |    15 ||    47
Block: Buckler           |    11 |       ||    11
       Tower shield      |    25 |    54 ||    79

Levels and vault maps discovered:
D:1:      minmay_arrival_stone_box, layout_basic,
          ebering_ecumenical_altar_abandoned
D:2:      layout_loops_ring
D:3:      layout_rooms, chequers_garden
D:4:      layout_basic, serial_bayou_pond_d, minmay_between
D:5:      layout_basic, vehumet_crystals, uniq_blork_the_orc

Notes
Turn   | Place    | Note
-------+----------+-------------------------------------------
     0 | D:1      | Faeu the Minotaur Fighter began the quest for the Orb.
     0 | D:1      | Reached XP level 1. HP: 19/19 MP: 0/0
     0 | D:1      | magus.rc [v1.9.6]
   163 | D:1      | Reached XP level 2. HP: 27/27 MP: 1/1
   265 | D:1      | You pick up a book of Cantrips and begin reading...
   265 | D:1      | You add the spells Animate Skeleton, Summon Small Mammal
                  | and Apportation to your library.
   302 | D:1      | Found a faded altar of an unknown god.
   409 | D:1      | Reached skill level 4 in Fighting
   445 | D:1      | Reached skill level 4 in Armour
   445 | D:1      | Reached skill level 4 in Shields
   784 | D:2      | Reached skill level 3 in Long Blades
   807 | D:2      | Reached XP level 3. HP: 24/33 MP: 2/2
  1181 | D:2      | You pick up a book of Alchemy and begin reading...
  1181 | D:2      | You add the spells Sublimation of Blood, Petrify and
                  | Irradiate to your library.
  1592 | D:3      | Reached XP level 4. HP: 27/40 MP: 3/3
  1930 | D:4      | Reached XP level 5. HP: 33/47 MP: 4/4
  1948 | D:4      | Reached skill level 4 in Long Blades
  1968 | D:4      | Reached skill level 5 in Armour
  2231 | D:4      | Reached skill level 5 in Shields
  2242 | D:4      | Reached skill level 5 in Fighting
  2594 | D:5      | Entered Level 5 of the Dungeon
  2594 | D:5      | Noticed an orc warrior
  2603 | D:5      | HP: 10/48 [orc warrior/+1 vorpal battleaxe (12)]
  2604 | D:5      | HP: 4/48 [orc warrior/+1 vorpal battleaxe (4)]
  2637 | D:5      | Killed from afar by an orc priest

Vanquished Creatures
  A howler monkey (D:4)
  A jelly (D:4)
  A hound (D:4)
  An iguana (D:4)
  A hound skeleton (D:4)
  3 adders
  A worm (D:2)
  8 dart slugs
  6 orcs
  3 bats (D:1)
  3 endoplasms
  A giant cockroach (D:1)
  5 goblins
  8 hobgoblins
  3 kobolds
  A quokka (D:2)
  6 ball pythons
  3 frilled lizards
  5 rats
61 creatures vanquished.

Table legend:
 A = Non-vault XP
 B = Vault XP
 C = Vault XP percentage of total XP
 D = Non-vault monster count
 E = Vault monster count
 F = Vault count percentage of total count
                 A         B        C        D         E       F
            +---------+---------+-------+---------+---------+-------
      Total |     304 |      51 |  14.4 |      57 |       4 |   6.6
            +---------+---------+-------+---------+---------+-------
        D:1 |      33 |       0 |   0.0 |      16 |       0 |   0.0
        D:2 |      31 |       0 |   0.0 |      10 |       0 |   0.0
        D:3 |      34 |       0 |   0.0 |      12 |       0 |   0.0
        D:4 |     203 |      51 |  20.1 |      18 |       4 |  18.2
        D:5 |       3 |       0 |   0.0 |       1 |       0 |   0.0
            +---------+---------+-------+---------+---------+-------

Illustrated notes

Table legend:
 A = Kills in this place as a percentage of kills in entire the game.
 B = Kills by you in this place as a percentage of kills by you in the entire game.
 C = Kills by friends in this place as a percentage of kills by friends in the entire game.
 D = Other kills in this place as a percentage of other kills in the entire game.
 E = Experience gained in this place as a percentage of experience gained in the entire game.
 F = Experience gained in this place divided by the number of levels of this place that you have seen.
                   A       B       C       D       E      F
               +-------+-------+-------+-------+-------+----------------------
         Total | 100.0 | 100.0 |   N/A |   N/A | 100.0 |  71.0
       Dungeon | 100.0 | 100.0 |   N/A |   N/A | 100.0 |  71.0
               +-------+-------+-------+-------+-------+----------------------

Table legend: (Time is in decaauts)
 A = Elapsed time spent in this place.
 B = Non-inter-level travel time spent in this place.
 C = Inter-level travel time spent in this place.
 D = Time resting spent in this place.
 E = Time spent auto-exploring this place.
 F = Levels seen in this place.
 G = Mean time per level.
                   A        B        C        D        E       F      G
               +--------+--------+--------+--------+--------+-----+--------+
         Total |   2714 |   2554 |    160 |      0 |   1757 |   5 |  542.8 |
       Dungeon |   2714 |   2554 |    160 |      0 |   1757 |   5 |  542.8 |
               +--------+--------+--------+--------+--------+-----+--------+

Top non-repeatable levels by time:
     D:4: 835 daAuts
     D:2: 742 daAuts
     D:1: 642 daAuts
     D:3: 447 daAuts
     D:5: 47 daAuts
